 Dungeon Crawl Stone Soup version 0.21.1-1-g345015fe64 (webtiles) character file.

29 Ivernyr the Charmwright (level 3, -1/40 HPs)
             Began as a Demonspawn Skald on Apr 30, 2018.
             Succumbed to a worker ant's poison
             ... on level 2 of the Dungeon.
             The game lasted 00:03:22 (884 turns).

Ivernyr the Charmwright (Demonspawn Skald)           Turns: 884, Time: 00:03:23

Health: -1/40      AC: 21    Str: 11    XL:     3   Next: 1%
Magic:  2/6        EV:  2    Int: 14    God:
Gold:   55         SH:  0    Dex: 13    Spells: 1/6 levels left

rFire    . . .     SeeInvis .   a - +0 falchion
rCold    . . .     Gourm    .   (no shield)
rNeg     + + +     Faith    .   (armour currently unavailable)
rPois    +         Spirit   .   (helmet currently unavailable)
rElec    .         Reflect  .   (cloak currently unavailable)
rCorr    .         Harm     .   (gloves currently unavailable)
MR       .....     NoTele   +   (boots currently unavailable)
Stlth    +.........             (no amulet)
HPRegen  0.13/turn              (no ring)
MPRegen  0.10/turn              (no ring)

@: lethally poisoned (-1 -> -27), tree-form, very slightly contaminated
A: powered by death 1
a: no special abilities


You were on level 2 of the Dungeon.
You were not hungry.
You were a tree.
You visited 1 branch of the dungeon, and saw 2 of its levels.

You collected 55 gold pieces.

Inventory:

Hand Weapons
 a - a +0 falchion (weapon)
Armour
 b - a +0 leather armour (melded)
 m - a +0 buckler
Scrolls
 e - a scroll of enchant armour {unknown}
 h - a scroll of identify {unknown}
 i - 2 scrolls of remove curse {unknown}
 k - a scroll of fear {unknown}
Potions
 f - a potion of brilliance {unknown}
 g - a potion of curing {unknown}
 j - a potion of degeneration {unknown}
 l - a potion of might {unknown}
 n - a potion of heal wounds {unknown}
 o - a potion of lignification
Books
 c - a book of Battle

   Spells                             Type                      Level
   a - Infusion                       Charms                       1
   b - Shroud of Golubria             Charms/Translocation         2
   c - Song of Slaying                Charms                       2
   d - Spectral Weapon                Hexes/Charms                 3
   e - Regeneration                   Charms/Necromancy            3
Comestibles
 d - 6 rations


   Skills:
 - Level 2.3 Fighting
 + Level 2.1 Long Blades
 * Level 1.7 Armour
 - Level 1.7 Dodging
 + Level 0.2 Shields
 - Level 2.0 Spellcasting
 + Level 2.9 Charms


You had one spell level left.
You knew the following spells:

 Your Spells              Type           Power        Failure   Level  Hunger
a - Shroud of Golubria    Chrm/Tloc      #.........   21%         2    ###....
b - Song of Slaying       Chrm           #.......     11%         2    ###....
c - Infusion              Chrm           #...         7%          1    ##.....


Dungeon Overview and Level Annotations

Branches:
Dungeon (2/15)

Altars:


Innate Abilities, Weirdness & Mutations

You regenerate a little health from kills.


Message History

You feel sick. The worker ant bites you.
You are more poisoned.
The worker ant poisons you! The worker ant closely misses you.
You closely miss the worker ant.
The worker ant is almost dead.
* * * LOW HITPOINT WARNING * * *
You feel sick.
The worker ant bites you but does no damage.
You closely miss the worker ant.
The worker ant is almost dead.
* * * LOW HITPOINT WARNING * * *
You feel very sick. The worker ant bites you.
* * * LOW HITPOINT WARNING * * *
You are more poisoned.
The worker ant poisons you!
It was a potion of lignification.
You turn into a tree.
Your +0 leather armour melds into your body.
Your roots penetrate the ground.
You die...

#[#...#.# #. #.##..#.# #.
#.##..#.# #.####.#.#.#†##
.# +........#.#..##.#### .
#.####.#.#....##.#... ...
#. #.#.#...).......
.....#.####.#.#....##.#...
#....a♣..#.#.#..#......
###.######.#.#.[....... #.
....#.....#... ##
.####..#.#...
#.........#... #
#####...#... ##..#...
#(>.... ##.####


You could see a worker ant.

Vanquished Creatures
  A bat (D:1)
  3 giant cockroaches
  6 goblins
  4 hobgoblins (D:1)
  3 kobolds
  4 frilled lizards (D:1)
  4 rats
25 creatures vanquished.

Notes
Turn   | Place    | Note
-------+----------+-------------------------------------------
     0 | D:1      | Ivernyr the Demonspawn Skald began the quest for the Orb.
     0 | D:1      | Reached XP level 1. HP: 16/16 MP: 3/3
    33 | D:1      | Reached skill level 1 in Armour
   197 | D:1      | Gained mutation: You regenerate a little health from kills. [demonic ancestry]
   197 | D:1      | Reached XP level 2. HP: 20/22 MP: 5/5
   723 | D:2      | Learned a level 2 spell: Song of Slaying
   726 | D:2      | Learned a level 2 spell: Shroud of Golubria
   841 | D:2      | Reached XP level 3. HP: 27/27 MP: 6/6
   883 | D:2      | HP: 1/27 [worker ant (4)]
   884 | D:2      | Succumbed to a worker ant's poison

Skill      XL: |  1  2 |
---------------+-------+-----
Armour         | 1 |  1.7
Long Blades    | 2 |  2.1
Fighting       | |  2.3
Dodging        | |  1.7
Shields        | |  0.2
Spellcasting   | |  2.0
Charms         | |  2.9

Action                   || total
-------------------------++-------
Melee: Falchion          ||    78
 Cast: Shroud of Golubri ||     2
  Use: Potion            ||     1
Armor: Leather armour    ||    18
Dodge: Dodged            ||    47
       Rpst.: Falchion   ||    19
